 Dungeon Crawl Stone Soup version 0.24-a0-271-ga0fc33f724 (webtiles) character file.

Game seed: 11670129135919367952

377 Redear the Skirmisher (level 6, -17/49 HPs)
             Began as a Demonspawn Fighter on Apr 23, 2019.
             Killed from afar by Ijyb (25 damage)
             ... with a bolt of acid
             ... on level 4 of the Dungeon.
             The game lasted 00:04:58 (3679 turns).

Redear the Skirmisher (Demonspawn Fighter)          Turns: 3679, Time: 00:04:59

Health: -17/49     AC:  9    Str: 18    XL:     6   Next: 45%
Magic:  6/6        EV:  9    Int:  9    God:
Gold:   191        SH:  0    Dex: 13    Spells: 5/5 levels left

rFire    . . .     SeeInvis .   a - +0 war axe
rCold    + . .     Gourm    .   (no shield)
rNeg     . . .     Faith    .   b - +0 scale mail
rPois    .         Spirit   .   (no helmet)
rElec    .         Reflect  .   (no cloak)
rCorr    .         Harm     .   (no gloves)
MR       .....                  (no boots)
Stlth    ..........             (no amulet)
HPRegen  0.16/turn              (no ring)
MPRegen  0.10/turn              (no ring)

@: no status effects
A: slimy green scales 1, cold resistance 1, demonic guardian 1
a: no special abilities


You were on level 4 of the Dungeon.
You were not hungry.

You visited 1 branch of the dungeon, and saw 4 of its levels.

You collected 191 gold pieces.

Inventory:

Hand Weapons
 a - a +0 war axe (weapon)
Missiles
 o - 5 javelins (quivered)
Armour
 b - a +0 scale mail (worn)
 c - a +0 shield
 p - a +0 helmet
Jewellery
 d - an uncursed amulet of rage {unknown}
 s - an uncursed ring of flight {+Fly}
Wands
 S - a wand of scattershot (6)
Scrolls
 e - a scroll of remove curse {unknown}
 f - 3 scrolls of teleportation {unknown}
 g - a scroll of fear {unknown}
 h - 2 scrolls of enchant weapon {unknown}
 j - a scroll of magic mapping {unknown}
 k - 2 scrolls of fog {unknown}
 l - a scroll of blinking {unknown}
 n - a scroll of immolation {unknown}
 v - 3 scrolls of amnesia {unknown}
 x - 2 scrolls of identify {unknown}
Potions
 i - a potion of brilliance {Archmagi Int+5 Wiz++}
 m - 4 potions of curing {unknown}
 q - a potion of magic {unknown}
 r - 2 potions of flight {unknown}
 t - a potion of degeneration {unknown}
 w - 2 potions of might {Str+5 DMG+1d10 | @q3}
Comestibles
 u - a chunk of flesh
 z - 6 rations


   Skills:
 + Level 4.4 Fighting
 + Level 3.4 Axes
 + Level 4.1 Armour
 + Level 4.0 Shields


You had 5 spell levels left.
You didn't know any spells.
Your spell library was empty.

Dungeon Overview and Level Annotations

Branches:
Dungeon (4/15)
 Temple: D:4-7

Altars:
Dithmenos
Fedhas
Makhleb
The Shining One

Shops:
D:4 }

Annotations:
D:4 3 runed translucent doors, Ijyb


Innate Abilities, Weirdness & Mutations

You are partially covered in slimy green scales. (AC +2)
Your flesh is cold resistant. (rC+)
A weak demonic guardian rushes to your aid.


Message History

You see here a scroll labeled NIADWA DEFONTA.
x - 2 scrolls labeled NIADWA DEFONTA (gained 1) Ijyb zaps a wand.
The bolt of acid misses you.
You hit Ijyb but do no damage. Ijyb hits you but does no damage.
You are electrocuted!
You take 8 damage, and have 41/49 hp.
You hit Ijyb.
Ijyb is lightly wounded.
You hit the adder. The adder bites you but does no damage.
Ijyb hits you but does no damage.
You are electrocuted!!
The adder closely misses you. Ijyb hits you but does no damage.
You are electrocuted!
* * * LOW HITPOINT WARNING * * *
You take 34 damage, and have 7/49 hp.
MASSIVE DAMAGE!!
You slash Ijyb!
Ijyb is moderately wounded.
You barely miss the adder. The adder barely misses you.
Ijyb zaps a wand.
The bolt of acid hits you!!
Ouch! That really hurt!
You die...

#[P.
.#>#.............#
#...
..#..#####.#######
#S.#.###.## #.#
#...## ##.# ##.#
###.##.###.## ..#
#........#.## #.#
#.##.####..#
#.######## .. #
#gS# #......... #
#@.# #####.##.#
#..# #.##.# #..#
#.##.. #........
#....# #.####+++
##..## #.# .....
##..# ..# ....
##.. #.# ....
##.#. #.# ...
##.##.


You could see Ijyb and an adder.

Vanquished Creatures
  Sigmund (D:2)
  An iguana (D:4)
  Terence (D:2)
  2 hound skeletons (D:4)
  Robin (D:2)
  3 adders
  A worm (D:2)
  2 orcs (D:3)
  A ball python (D:2)
  9 bats
  6 giant cockroaches
  10 hobgoblins
  4 jackals (D:1)
  9 kobolds
  A quokka (D:3)
  A frilled lizard (D:1)
  7 goblins (D:2)
  8 rats
68 creatures vanquished.

Vanquished Creatures (collateral kills)
  A phantom (D:4)
  An adder (D:2)
  A goblin (D:2)
  A hobgoblin (D:2)
  A frilled lizard (D:2)
  A rat (D:2)
6 creatures vanquished.

Grand Total: 74 creatures vanquished

Notes
Turn   | Place    | Note
-------+----------+-------------------------------------------
     0 | D:1      | Redear the Demonspawn Fighter began the quest for the Orb.
     0 | D:1      | Reached XP level 1. HP: 18/18 MP: 1/1
   211 | D:1      | Reached skill level 2 in Axes
   211 | D:1      | Gained mutation: You are partially covered in slimy green
                  | scales. (AC +2) [demonic ancestry]
   211 | D:1      | Reached XP level 2. HP: 24/24 MP: 2/2
   467 | D:1      | Reached skill level 3 in Armour
   480 | D:1      | Reached skill level 3 in Shields
   943 | D:2      | Gained mutation: A weak demonic guardian rushes to your
                  | aid. [demonic ancestry]
   943 | D:2      | Reached XP level 3. HP: 29/29 MP: 3/3
   987 | D:2      | Found a shadowy altar of Dithmenos.
  1004 | D:2      | Noticed Terence
  1037 | D:3      | HP: 2/29 [kobold/+0 short sword (1)]
  1528 | D:3      | Found a burning altar of Makhleb.
  1948 | D:2      | Reached XP level 4. HP: 8/35 MP: 4/4
  2211 | D:2      | Noticed Robin
  2262 | D:2      | Killed Robin
  2569 | D:2      | Found a glowing golden altar of the Shining One.
  2791 | D:2      | Noticed Sigmund
  2811 | D:2      | Killed Sigmund
  2811 | D:2      | Reached skill level 4 in Fighting
  2811 | D:2      | Reached skill level 3 in Axes
  2811 | D:2      | Reached XP level 5. HP: 21/42 MP: 5/5
  2918 | D:2      | Killed Terence
  3494 | D:4      | Gained mutation: Your flesh is cold resistant. (rC+)
                  | [demonic ancestry]
  3494 | D:4      | Reached XP level 6. HP: 32/48 MP: 6/6
  3561 | D:4      | Reached skill level 4 in Armour
  3561 | D:4      | Reached skill level 4 in Shields
  3570 | D:4      | Found Dohaevumn's Gadget Shop.
  3666 | D:4      | Found a blossoming altar of Fedhas.
  3666 | D:4      | Noticed Ijyb
  3673 | D:4      | Found a runed translucent gate.
  3673 | D:4      | Found a runed translucent gate.
  3673 | D:4      | Found a runed translucent gate.
  3679 | D:4      | Killed from afar by Ijyb

Levels and vault maps discovered:
D:1:      lemuel_arrival_lava_pool, layout_loops_ring, minmay_tripent
D:2:      layout_basic, nicolae_overflow_crystal_walls, marbit_many_paths,
          first_ration, uniq_terence, uniq_sigmund, uniq_robin
D:3:      layout_basic, lightli_temple_of_fire
D:4:      layout_loops_ring, vehumet_altar_wand_db, serial_shops,
          nicolae_shop_waterfront, gammafunk_ghost_cemetery, fedhas_altar_1,
          uniq_ijyb

Skill      XL: |  1  2  3  4  5  6 |
---------------+-------------------+-----
Axes           | 2 3 |  3.4
Armour         | 3 4 |  4.1
Shields        | 3 4 |  4.0
Fighting       | 4 |  4.4

Action                   |  1- 3 |  4- 6 || total
-------------------------+-------+-------++-------
Melee: War axe           |   174 |   101 ||   275
  Use: Potion            |     2 |       ||     2
  Eat: Chunk             |     3 |     6 ||     9
Armor: Scale mail        |   119 |    72 ||   191
Dodge: Dodged            |    99 |    60 ||   159

Table legend:
 A = Non-vault XP
 B = Vault XP
 C = Vault XP percentage of total XP
 D = Non-vault monster count
 E = Vault monster count
 F = Vault count percentage of total count
                 A         B        C        D         E       F
            +---------+---------+-------+---------+---------+-------
      Total |     323 |     216 |  40.1 |      58 |      16 |  21.6
            +---------+---------+-------+---------+---------+-------
        D:1 |      33 |       4 |  10.8 |      21 |       2 |   8.7
        D:2 |      57 |     212 |  78.8 |      22 |      14 |  38.9
        D:3 |      32 |       0 |   0.0 |      10 |       0 |   0.0
        D:4 |     201 |       0 |   0.0 |       5 |       0 |   0.0
            +---------+---------+-------+---------+---------+-------
